 Dungeon Crawl Stone Soup version 0.29.1-15-g9cfb28693d (webtiles) character file.

Game seed: 15074550611404937413

24537 Ceigo the Thaumaturge (level 13, -22/103 HPs)
             Began as a Human Wanderer on Apr 7, 2023.
             Was a Priest of Makhleb.
             Annihilated by a dire elephant (31 damage)
             ... on level 2 of the Lair of Beasts.
             The game lasted 00:45:58 (24654 turns).

Ceigo the Thaumaturge (Human Wanderer)             Turns: 24654, Time: 00:45:58

Health: -22/103    AC: 17    Str: 10    XL:     13   Next: 43%
Magic:  7/27       EV: 12    Int: 23    God:    Makhleb [***...]
Gold:   833        SH:  5    Dex: 10    Spells: 13/32 levels left

rFire   . . .      SeeInvis +   Q - +2 quarterstaff (chaos)
rCold   . . .      Faith    .   (shield currently unavailable)
rNeg    . . .      Spirit   .   M - +2 swamp dragon scales
rPois   +          Reflect  +   k - +1 helmet
rElec   .          Harm     .   o - +0 cloak
rCorr   .          Rampage  .   T - +0 pair of gloves
Will    .....                   y - +0 pair of boots
Stlth   ..........              i - amulet of reflection
HPRegen 0.00/turn               x - ring of wizardry
MPRegen 0.20/turn               r - ring of see invisible

@: very slightly contaminated, inhibited regen
A: screaming 1, inhibited regeneration
a: Renounce Religion, Minor Destruction, Lesser Servant of Makhleb


You were on level 2 of the Lair of Beasts.
You worshipped Makhleb.
Makhleb was most pleased with you.
You visited 3 branches of the dungeon, and saw 14 of its levels.
You also visited: Sewer.

You collected 833 gold pieces.

Inventory:

Hand Weapons
 a - a +0 spear of venom
 Q - a +2 quarterstaff of chaos (weapon)
Armour
 k - a +1 helmet (worn)
 o - a +0 cloak (worn)
 y - a +0 pair of boots (worn)
 M - +2 swamp dragon scales (worn)
 O - a +2 robe of willpower
 T - a +0 pair of gloves (worn)
Magical Staves
 D - a staff of air
Jewellery
 e - a +6 ring of intelligence
 i - an amulet of reflection (around neck)
 n - a ring of magical power
 r - a ring of see invisible (right hand)
 s - the ring "Nereuwn" {rN+ Will+}
   (You took it off a centaur on level 11 of the Dungeon)

   [ring of willpower]

   rN:        It protects you from negative energy.
   Will:      It increases your willpower.
 x - a ring of wizardry (left hand)
 L - a ring of protection from fire
 S - a ring of resist corrosion
Wands
 d - a wand of flame (63)
 A - a wand of quicksilver (3)
 H - a wand of polymorph (4)
Scrolls
 b - 2 scrolls of brand weapon {unknown}
 f - 4 scrolls of teleportation
 j - 4 scrolls of immolation
 m - 2 scrolls of noise
 v - 2 scrolls of poison
 z - a scroll of butterflies {unknown}
 B - 4 scrolls of identify
 C - a scroll of fear
 E - 2 scrolls of amnesia
 F - 2 scrolls of vulnerability {unknown}
 I - 3 scrolls of silence {unknown}
 J - 2 scrolls of blinking {unknown}
Potions
 c - a potion of haste
 g - 2 potions of lignification
 h - 2 potions of cancellation
 l - 2 potions of berserk rage
 p - 5 potions of brilliance
 q - a potion of heal wounds
 t - 11 potions of flight
 u - 4 potions of curing
 w - a potion of ambrosia
 G - a potion of might
 N - a potion of magic {unknown}
 P - 3 potions of attraction {unknown}


   Skills:
 - Level 10.0 Fighting
 * Level 8.5 Staves
 + Level 6.1 Armour
 + Level 6.3 Dodging
 - Level 10.0 Spellcasting
 - Level 2.0 Conjurations
 - Level 4.0 Necromancy
 * Level 7.2 Translocations
 - Level 2.0 Transmutations
 - Level 6.3 Air Magic
 - Level 2.0 Poison Magic
 - Level 1.0 Invocations
 - Level 3.0 Evocations


You had 13 spell levels left.
You knew the following spells:

 Your Spells              Type           Power      Damage    Failure   Level
a - Shock                 Conj/Air       100%       1d9       1%          1
b - Mephitic Cloud        Conj/Pois/Air  27%        N/A       4%          3
c - Blink                 Tloc           88%        N/A       1%          2
d - Animate Dead          Necr           30%        N/A       10%         4
e - Poisonous Vapours     Pois/Air       60%        N/A       1%          2
f - Manifold Assault      Tloc           44%        N/A       8%          5
g - Wereblood             Tmut           20%        N/A       3%          2

Your spell library contained the following spells:

 Spells                   Type           Power      Damage    Failure   Level
 Sublimation of Blood     Necr           30%        N/A       1%          2
 Lesser Beckoning         Tloc           44%        N/A       1%          3
 Beastly Appendage        Tmut           40%        N/A       2%          1
 Summon Small Mammal      Summ           44%        N/A       5%          1
 Scorch                   Fire           22%        2d6       8%          2
 Corpse Rot               Necr/Pois/Air  30%        N/A       10%         4
 Call Canine Familiar     Summ           11%        N/A       16%         3
 Summon Guardian Golem    Hex/Summ       11%        N/A       16%         3
 Flame Wave               Conj/Fire      16%        2d7       32%         4
 Ice Form                 Ice/Tmut       16%        N/A       32%         4
 Summon Cactus Giant      Summ           5%         N/A       99%         6
 Death's Door             Necr           15%        N/A       100%        9


Dungeon Overview and Level Annotations

Branches:
Dungeon (11/15) Zot: 24534  Temple (1/1) D:7 Zot: 5956    Lair (2/5) D:10 Zot: 7770
  Sewer (visited)
  Swamp: Lair:2-3    Shoals: Lair:2-3     Snake: Lair:2-3    Spider: Lair:2-3
    Orc: D:9-12

Altars:
Ashenzari
Cheibriados
Dithmenos
Elyvilon
Fedhas
Gozag
Hepliaklqana
Kikubaaqudgha
Makhleb
Nemelex Xobeh
Qazlal
Ru
Sif Muna
Trog
Uskayaw
Vehumet
Wu Jian
Xom
Yredelemnul
Zin
The Shining One

Shops:
D:3 (   D:8 *

Annotations:
D:5 1 runed translucent door
D:11 Psyche
Temple 2 transporters


Innate Abilities, Weirdness & Mutations

You occasionally shout uncontrollably at your foes.
You do not regenerate when monsters are visible.


Message History

Press: ? - help, Shift-Dir - straight line, f/p - dire elephant
Aim: a dire elephant (lightly wounded, slightly transparent, extremely poisoned, chance to affect: 29%)
You miscast Mephitic Cloud.
You are very lightly contaminated with residual magic.
Nothing appears to happen.
* * * LOW MAGIC WARNING * * *
The dire elephant misses you. The dire elephant trunk-slaps you.
Unknown command.
Casting: Mephitic Cloud (mildly dangerous; 4% risk of failure)
Confirm with . or Enter, or press ? or * to list all spells.
Aiming: Mephitic Cloud (mildly dangerous; 4% risk of failure)
Press: ? - help, Shift-Dir - straight line, f/p - dire elephant
Aim: a dire elephant (lightly wounded, slightly transparent, extremely poisoned, chance to affect: 29%)
The ball explodes into a vile cloud!
The stinking cloud engulfs the dire elephant but does no damage.
The dire elephant is lightly wounded.
The stinking cloud engulfs the fungus but does no damage.
The stinking cloud engulfs you but does no damage.
* * * LOW MAGIC WARNING * * *
The dire elephant is engulfed in noxious fumes.
The dire elephant tramples you!
* * * LOW HITPOINT WARNING * * *
You hold your ground!
The dire elephant closely misses you.
Unknown command.
You hit the dire elephant but do no damage.
The dire elephant is lightly wounded.
The dire elephant is engulfed in noxious fumes.
You block the dire elephant's attack. The dire elephant barely misses you.
Unknown command.
You hit the dire elephant but do no damage.
The dire elephant is lightly wounded.
The dire elephant is engulfed in noxious fumes.
The dire elephant appears confused.
The dire elephant tramples you but does no damage.
The dire elephant trunk-slaps you.
* * * LOW HITPOINT WARNING * * *
Unknown command.
The dire elephant is engulfed in noxious fumes.
The dire elephant appears confused.
The dire elephant tramples you!!
You die...

Y.♣♣♣♣♣♣.....# ##....###.#..#..
.♣♣♣♣♣♣......###...............
..............##...#####.#.....
..............#....# #.......P
..............#....# #(#.##.##
..................## #.# #
##}.....##.#.####.## #.#
##.....####....#.YP# #.#
##.###..........@.## #.#
....#.....P##.###P# #.###
.P......####### ### #.#.#
##..P#.#.# ##...# #########
#..### ### #...# ##.#######.##
#...........# ### ##...####.###


You could see a dire elephant (invisible, confused, very poisoned).

Vanquished Creatures
  Erica (D:8)
  4 two-headed ogres (D:10)
  Nergalle (Lair:1)
  3 lindwurms (Lair:1)
  2 manticores (D:11)
  7 elephants
  A guardian serpent (shapeshifter) (Lair:1)
  2 cane toads
  2 rime drakes (Lair:1)
  3 komodo dragons
  2 trolls (D:10)
  Prince Ribbit (D:8)
  A tarantella (shapeshifter) (D:10)
  A spriggan (Lair:2)
  Sigmund (D:6)
  31 yaks
  Eustachio (D:6)
  3 wyverns
  A basilisk (Lair:2)
  3 steam dragons
  A golden eye (shapeshifter) (Lair:2)
  Grum (Lair:1)
  5 water moccasins
  Duvessa (D:6)
  5 orc warriors
  A black bear (Lair:1)
  9 centaurs
  9 wolves
  An ogre (D:6)
  A phantom (D:5)
  4 kobold brigands
  4 bullfrogs
  2 gnoll sergeants
  A necrophage (D:6)
  2 scorpions (D:6)
  Dowan (D:6)
  27 killer bees
  7 electric eels
  A howler monkey (D:9)
  2 gnoll boudas
  6 hounds
  4 jellies
  Crazy Yiuf (D:3)
  6 iguanas
  Ijyb (D:3)
  2 orc priests
  11 orc wizards
  13 gnolls
  9 adders
  4 river rats
  A white imp (D:5)
  An ufetubus (D:5)
  A worm (D:3)
  4 dart slugs
  27 orcs
  2 endoplasms
  4 giant cockroaches
  6 goblins
  11 hobgoblins
  4 jackals
  21 kobolds
  9 quokkas
  9 ball pythons
  8 bats
  7 frilled lizards
  10 rats
338 creatures vanquished.

Vanquished Creatures (collateral kills)
  A shadow (D:9)
  2 yaks
  An ice beast (D:8)
  An ogre (D:6)
  A centaur (D:10)
  A bullfrog (D:6)
  2 orc priests (D:6)
  2 hounds (D:10)
  An orc wizard (D:11)
  4 gnolls
  2 adders (Sewer)
  A worm (Sewer)
  2 orcs
  A jackal (Sewer)
  2 ball pythons (Sewer)
  A bat (Sewer)
  A frilled lizard (Sewer)
26 creatures vanquished.

Vanquished Creatures (others)
  A two-headed ogre zombie (D:10)
  A manticore zombie (D:11)
  5 orc zombies
  A jelly zombie (D:7)
  An adder zombie (Sewer)
  2 gnoll zombies (D:8)
  91 fungi
  91 plants
  7 toadstools (D:1)
200 creatures vanquished.

Grand Total: 564 creatures vanquished

Notes
Turn   | Place    | Note
-------+----------+-------------------------------------------
     0 | D:1      | Ceigo the Human Wanderer began the quest for the Orb.
     0 | D:1      | Ceigo set off with the following items: a +0 club, a scroll
                  | of summoning, a +0 robe, a wand of flame (6); and the
                  | following spells available to memorise: Beastly Appendage,
                  | Shock, Wereblood, Mephitic Cloud, Ice Form.
     0 | D:1      | Reached XP level 1. HP: 13/13 MP: 2/2
     2 | D:1      | Learned a level 1 spell: Shock
   281 | D:1      | Reached skill level 1 in Air Magic
   391 | D:1      | Reached XP level 2. HP: 15/19 MP: 0/3
   589 | D:1      | Found a faded altar of an unknown god.
   813 | D:1      | Reached XP level 3. HP: 24/24 MP: 2/5
  1719 | D:2      | Reached XP level 4. HP: 30/30 MP: 0/7
  1830 | D:2      | Learned a level 3 spell: Mephitic Cloud
  2506 | D:3      | Found Apsyaricw's Weapon Emporium.
  2552 | D:3      | Noticed a steam dragon
  2562 | D:3      | Killed a steam dragon
  2563 | D:3      | Reached XP level 5. HP: 35/35 MP: 4/9
  2563 | D:3      | Reached XP level 6. HP: 41/41 MP: 4/10
  2563 | D:3      | Noticed Ijyb
  2567 | D:3      | Paralysed by Ijyb for 3 turns
  2577 | D:3      | Killed Ijyb
  2819 | D:3      | Found a runed translucent door.
  2820 | D:3      | Noticed Crazy Yiuf
  3389 | D:4      | Learned a level 2 spell: Blink
  3521 | D:4      | Got Kikubaaqudgha's Papyrus of the Grave
  3567 | D:4      | Learned a level 4 spell: Animate Dead
  3618 | D:4      | Reached skill level 5 in Air Magic
  3677 | D:4      | Reached skill level 1 in Necromancy
  3789 | D:4      | Reached XP level 7. HP: 46/46 MP: 10/12
  4147 | D:4      | Reached skill level 1 in Poison Magic
  4684 | D:5      | Entered Level 5 of the Dungeon
  4863 | D:5      | Noticed a steam dragon
  4889 | D:5      | Killed a steam dragon
  4890 | D:5      | Reached XP level 8. HP: 20/52 MP: 7/14
  5567 | D:5      | Reached skill level 5 in Spellcasting
  5672 | D:5      | Learned a level 2 spell: Poisonous Vapours
  5867 | D:5      | Found a runed translucent door.
  6048 | D:5      | Reached skill level 1 in Fighting
  6780 | D:6      | Found a shadowy altar of Dithmenos.
  6943 | D:6      | Found a glowing drain.
  6952 | Sewer    | Entered a sewer
  7457 | Sewer    | Reached XP level 9. HP: 45/64 MP: 11/18
  8484 | D:6      | Noticed Eustachio
  8497 | D:6      | Killed Eustachio
  8498 | D:6      | Reached skill level 5 in Fighting
  8754 | D:6      | Noticed Sigmund
  8760 | D:6      | Killed Sigmund
  9162 | D:6      | Found a sparkling altar of Nemelex Xobeh.
  9313 | D:6      | Noticed Duvessa
  9313 | D:6      | Noticed Dowan
  9337 | D:6      | Killed Duvessa
  9344 | D:6      | Killed Dowan
  9819 | D:7      | Reached XP level 10. HP: 45/77 MP: 5/21
  9934 | D:7      | Found a staircase to the Ecumenical Temple.
 10985 | Temple   | Entered the Ecumenical Temple
 10985 | Temple   | Found a transporter.
 10985 | Temple   | Found a transporter.
 10987 | Temple   | Found a transporter.
 10987 | Temple   | Found a transporter.
 11005 | Temple   | Became a worshipper of Makhleb the Destroyer
 11093 | D:8      | Noticed Prince Ribbit
 11112 | D:8      | Killed Prince Ribbit
 11812 | D:8      | Identified the +4 whip of Insufficient Pleasure {drain,
                  | rPois rC- SInv Stlth+}
 11942 | D:8      | Noticed Maggie
 11959 | D:8      | Noticed Maggie
 11959 | D:8      | Maggie changed into Maggie the bullfrog
 11964 | D:8      | Killed Maggie the bullfrog
 12125 | D:8      | Noticed Erica
 12165 | D:8      | Killed Erica
 12166 | D:8      | Reached skill level 1 in Armour
 12396 | D:8      | Found Tuaseas's Lightly-Used Armoury.
 12944 | D:9      | Reached * piety under Makhleb
 12961 | D:9      | Reached skill level 1 in Staves
 13295 | D:9      | Reached XP level 11. HP: 82/87 MP: 19/24
 13521 | D:3      | Killed Crazy Yiuf
 14384 | D:9      | Gained mutation: You have a pair of small antennae on your
                  | head. [potion of mutation]
 14385 | D:9      | Lost mutation: You have a pair of small antennae on your
                  | head. [potion of mutation]
 14385 | D:9      | Gained mutation: You have an increased reservoir of magic.
                  | (+10% MP) [potion of mutation]
 14385 | D:9      | Gained mutation: You have a somewhat thin skeletal
                  | structure. (Dex +2, Stealth+) [potion of mutation]
 14389 | D:9      | Lost mutation: You have an increased reservoir of magic.
                  | (+10% MP) [potion of mutation]
 14389 | D:9      | Lost mutation: You have a somewhat thin skeletal structure.
                  | (Dex +2, Stealth+) [potion of mutation]
 14389 | D:9      | Gained mutation: You possess an exceptional clarity of
                  | mind. [potion of mutation]
 14390 | D:9      | Lost mutation: You possess an exceptional clarity of mind.
                  | [potion of mutation]
 14390 | D:9      | Gained mutation: You occasionally shout uncontrollably at
                  | your foes. [potion of mutation]
 14390 | D:9      | Gained mutation: You do not regenerate when monsters are
                  | visible. [potion of mutation]
 14676 | D:9      | Found a shimmering blue altar of Sif Muna.
 14890 | D:10     | Entered Level 10 of the Dungeon
 14890 | D:10     | Noticed a two-headed ogre
 16331 | D:10     | Learned a level 5 spell: Manifold Assault
 16382 | D:10     | Noticed a two-headed ogre
 16682 | D:10     | Noticed a two-headed ogre
 16710 | D:10     | Killed a two-headed ogre
 16711 | D:10     | Reached skill level 1 in Translocations
 16916 | D:10     | Killed a two-headed ogre
 17371 | D:10     | Killed a two-headed ogre
 17372 | D:10     | Reached skill level 5 in Staves
 17425 | D:10     | Noticed a two-headed ogre
 17428 | D:10     | Reached XP level 12. HP: 95/95 MP: 25/25
 17475 | D:10     | Killed a two-headed ogre
 17484 | D:10     | Reached ** piety under Makhleb
 17856 | D:10     | Found a staircase to the Lair.
 17860 | D:10     | Learned a level 2 spell: Wereblood
 18080 | D:11     | Noticed a skeletal warrior
 18157 | D:11     | Noticed a two-headed ogre
 18174 | D:11     | Noticed a boulder beetle
 18181 | D:11     | Noticed Psyche
 18483 | D:11     | Identified the ring "Nereuwn" {rN+ Will+}
 18492 | D:11     | Reached skill level 10 in Spellcasting
 18959 | D:11     | HP: 3/96 [gargoyle/stone arrow (24)]
 19384 | Lair:1   | Entered Level 1 of the Lair of Beasts
 19420 | Lair:1   | Reached skill level 5 in Dodging
 19426 | Lair:1   | Noticed Nergalle
 19781 | Lair:1   | Noticed a catoblepas
 19785 | Lair:1   | Killed Nergalle
 19819 | D:10     | a catoblepas changed into a shapeshifter
 19824 | D:10     | Reached skill level 5 in Translocations
 20032 | Lair:1   | Reached skill level 5 in Armour
 20602 | Lair:1   | Noticed Grum
 20617 | Lair:1   | Killed Grum
 20617 | Lair:1   | Reached *** piety under Makhleb
 21254 | Lair:1   | Reached XP level 13. HP: 62/103 MP: 14/27
 21499 | Lair:1   | Identified the +3 falchion "Jixtueha" {elec, rN+}
 22744 | Lair:2   | Reached skill level 10 in Fighting
 23132 | Lair:2   | Noticed a seven-headed hydra
 24635 | Lair:2   | Noticed a dire elephant
 24654 | Lair:2   | Annihilated by a dire elephant

Illustrated notes

Levels and vault maps discovered:
D:1:      nagdon_arrival_zigzag_paths, layout_basic,
          ebering_ecumenical_altar_box, chequers_serial_rivers_micro_c
D:2:      layout_rooms
D:3:      layout_loops_ring, serial_shops, nicolae_shop_bloodbath_and_beyond,
          uniq_ijyb, uniq_crazy_yiuf_cottage
D:4:      cheibrodos_thug_alley, layout_loops_cross
D:5:      layout_loops_ring, lightli_church_of_beogh
D:6:      layout_cave_pods, mainiacjoe_overflow_cross_hatched,
          mainiacjoe_overflow_24_doors, portal_sewer_entry_e, uniq_eustachio,
          uniq_sigmund, uniq_duvessa
D:7:      layout_basic, lemuel_temple_firewalk_b, enter_bailey_6
D:8:      layout_loops_ring, minmay_shop_damaged, kennysheep_generic_room_15,
          uniq_erica, uniq_maggie, uniq_prince_ribbit1
D:9:      layout_basic, kennysheep_orc_sif_temple
D:10:     layout_irregular_city, erik_lair_island
D:11:     regret_index_bee_streams, layout_basic, minmay_protected_statue,
          uniq_harold, uniq_psyche
Temple:   hellmonk_temple_divided_pantheon
Lair:1:   layout_loops_ring, serial_bayou_ford_a, nicolae_lair_lindhole,
          grunt_megastairs_3, serial_bayou_shore_a, uniq_grum, uniq_nergalle
Lair:2:   mu_elephants_graveyard, layout_loops_ring,
          spider_nest_entry_funnel_web, nicolae_volcano_entry_two_sided

Skill      XL: |  1  2  3  4  5  6  7  8  9 10 11 12 13 |
---------------+----------------------------------------+-----
Air Magic      | 1 2 4 5 6 |  6.3
Spellcasting   | 2 3 4 6 7 9 10 | 10.0
Necromancy     | 1 3 4 |  4.0
Poison Magic   | 2 |  2.0
Fighting       | 3 6 8 9 10 | 10.0
Armour         | 2 3 5 6 |  6.1
Staves         | 1 5 7 8 |  8.5
Dodging        | 2 4 5 6 |  6.3
Translocations | 2 5 7 |  7.2
Conjurations   | |  2.0
Transmutations | |  2.0
Invocations    | |  1.0
Evocations     | |  3.0

Action                   |  1- 3 |  4- 6 |  7- 9 | 10-12 | 13-15 || total
-------------------------+-------+-------+-------+-------+-------++-------
Melee: Club              |     7 |       |       |       |       ||     7
       Dagger            |     7 |       |       |       |       ||     7
       Spear             |     6 |    29 |    31 |       |       ||    66
       Staff             |       |       |    55 |    27 |       ||    82
       Punch             |       |       |     1 |     1 |       ||     2
       Quarterstaff      |       |       |       |   314 |   221 ||   535
 Cast: Shock             |    53 |    80 |   188 |   147 |       ||   468
       Mephitic Cloud    |       |     1 |     7 |    46 |    17 ||    71
       Blink             |       |       |     5 |     5 |       ||    10
       Poisonous Vapours |       |       |    56 |   210 |    39 ||   305
       Animate Dead      |       |       |     4 |     5 |       ||     9
       Manifold Assault  |       |       |       |     5 |     3 ||     8
       Wereblood         |       |       |       |     3 |     1 ||     4
Evoke: Wand              |       |       |       |     2 |       ||     2
  Use: Scroll            |       |     3 |     6 |    13 |     2 ||    24
       Potion            |       |       |       |    11 |     3 ||    14
 Stab: Confused          |       |     1 |       |    11 |     6 ||    18
       Distracted        |       |       |     2 |       |       ||     2
       Paralysed         |       |       |       |     1 |       ||     1
       Petrified         |       |       |       |       |     3 ||     3
Armor: Robe              |     5 |     9 |    66 |    11 |       ||    91
       Swamp dragon scal |       |       |       |   248 |   150 ||   398
Dodge: Dodged            |    12 |    15 |    96 |   291 |   149 ||   563
Block: Other             |     3 |     5 |    55 |   126 |    73 ||   262
       Reflection        |     1 |       |     4 |     3 |     2 ||    10
